Map: Port Aleksander LE

Players

llllllllllll

  • Race: Terran Terran
  • League: Master
  • Spawn Location: 5:00

Lambo - Winner!

  • Race: Zerg Zerg
  • League: Master
  • Spawn Location: 11:00

VOD

Have the link to the VOD?

Description

Time

  • Played on: Jan. 24, 2019, 9:13 a.m.
  • Length: 2:40
Show
View Real Time Build Order
Export as new Build Order

llllllllllll Terran 

Build Orders:  

Get SALT Encoding   

  12  0:02  SCV  
  13  0:14  SCV  
  13  0:18  Supply Depot  
  14  0:26  SCV  
  15  0:41  Barracks  
  15  0:52  Barracks  
  15  1:06  Barracks  
  15  1:10  SCV  
  16  1:25  SCV  
  16  1:28  Marine  
  18  1:38  Marine  
  19  1:44  Orbital Command  
  19  1:46  Marine  
  20  1:52  Marine  
  21  1:58  Supply Depot  
  21  2:01  Marine  
  21  2:04  Marine  
  22  2:16  Marine  
  22  2:19  Marine  
  22  2:20  SCV  
  22  2:22  Marine  
Show
View Real Time Build Order
Export as new Build Order

Lambo Zerg - Winner!

Build Orders: Hatch First 

Get SALT Encoding   

  12  0:00  Drone  
  13  0:12  Overlord  
  13  0:18  Drone  
  14  0:31  Drone x2  
  16  0:46  Drone  
  17  0:54  Hatchery  
  17  0:56  Drone  
  17  0:59  Drone  
  18  1:10  Extractor  
  17  1:14  Spawning Pool  
  16  1:22  Drone  
  16  1:23  Drone  
  19  2:01  Zergling x6  
  22  2:07  Zergling x2  
  25  2:09  Spine Crawler  
  25  2:13  Zergling x2  
  22  2:18  Zergling x2  
Tags
 
Add a new tag
Caveats
  • Supply blocks, unpowered buildings, or Contaminate may cause inaccurate times.
  • Supply counts are checked every 10 seconds.